 Dungeon Crawl Stone Soup version 0.26.1-2-gb8aa6d0cf2 (webtiles) character file.

Game seed: 1886087400627722415

25 skwiii the Skirmisher (level 2, 0/25 HPs)
             Began as a Demonspawn Berserker on Feb 23, 2021.
             Was a Follower of Trog.
             Slain by a leopard gecko (2 damage)
             ... on level 1 of the Dungeon.
             The game lasted 00:01:37 (1503 turns).

skwiii the Skirmisher (Demonspawn Berserker)        Turns: 1503, Time: 00:01:38

Health: 0/25       AC:  2    Str: 15 (17) XL:     2   Next: 82%
Magic:  2/2        EV: 12    Int:  5 (8)  God:    Trog [*.....]
Gold:   67         SH:  0    Dex: 10 (12) Spells: 1/1 levels left

rFire    . . .     SeeInvis .   a - +0 hand axe
rCold    . . .     Faith    .   (no shield)
rNeg     . . .     Spirit   .   b - +0 animal skin
rPois    .         Reflect  .   (no helmet)
rElec    .         Harm     .   (no cloak)
rCorr    .         Rampage  .   (no gloves)
Will     .....                  (no boots)
Stlth    +.........             (no amulet)
HPRegen  0.08/turn              (no ring)
MPRegen  0.08/turn              (no ring)

@: no status effects
A: talons 1
a: Renounce Religion, Berserk


You were on level 1 of the Dungeon.
You worshipped Trog.
Trog was aware of your devotion.
You visited 1 branch of the dungeon, and saw 2 of its levels.

You collected 67 gold pieces.

Inventory:

Hand Weapons
 a - a +0 hand axe (weapon)
Armour
 b - a +0 animal skin (worn)
Scrolls
 g - a scroll of blinking {unknown}
 h - a scroll of noise {unknown}
 i - a scroll of identify {unknown}
 l - a scroll of teleportation {unknown}
Potions
 c - a potion of lignification {unknown}
 d - 2 potions of mutation {unknown}
 e - a potion of attraction {unknown}
 f - 2 potions of degeneration
 k - a potion of magic {unknown}


   Skills:
 * Level 3.7 Fighting
 + Level 3.1 Axes
 - Level 1.7 Armour
 - Level 1.7 Dodging
 + Level 0.2 Stealth


You had one spell level left.
You didn't know any spells.
Your spell library was empty.

Dungeon Overview and Level Annotations

Branches:
Dungeon (2/15)

Altars:


Innate Abilities, Weirdness & Mutations

You have sharp toenails.


Message History

* * * LOW HITPOINT WARNING * * *
The shadow imp hits you but does no damage.
You feel much better. The shadow imp gestures at you.
Pain shoots through your body! The leopard gecko closely misses you.
The leopard gecko bites you. The shadow imp gestures at you.
Pain shoots through your body!
Ouch! That really hurt!
* * * LOW HITPOINT WARNING * * *
The leopard gecko misses you.
There is a stone staircase leading up here.
The leopard gecko closely misses you.
You climb upwards.
There is a stone staircase leading down here.
Okay, then.
You hit the leopard gecko.
The leopard gecko is moderately wounded.
The leopard gecko bites you.
You die...

#8.8# #...##.# #...... #
####.########### #......
###8##.##8##8##8#### #......
.................'.########......
###8##.##8##8##8##........#......
# ####.##############.....#...)..
8.8 #...#...# #..)..#......
##.###...##.l# #.....#...... #.#
#...##.@####.....#...... 8.8
#...###..........†...... #.#
#...# #.####.....#......
##.###...# #.# #.....#...... 8.8
##.## #.# #.....####### #.# #.#
#.# ####### #'# #.# #.# #.####.#
#.# #......# #.#


You could see a leopard gecko.

Vanquished Creatures
  A dart slug (D:1)
  A leopard gecko (D:1)
  2 giant cockroaches (D:1)
  A goblin (D:1)
  A hobgoblin (D:1)
  5 bats (D:1)
  2 frilled lizards (D:1)
  4 kobolds (D:1)
  6 rats (D:1)
23 creatures vanquished.

Notes
Turn   | Place    | Note
-------+----------+-------------------------------------------
     0 | D:1      | skwiii the Demonspawn Berserker began the quest for the
                  | Orb.
     0 | D:1      | Reached XP level 1. HP: 18/18 MP: 1/1
   524 | D:1      | Gained mutation: You have sharp toenails. [demonic
                  | ancestry]
   524 | D:1      | Reached XP level 2. HP: 24/24 MP: 2/2
  1216 | D:1      | Reached ** piety under Trog
  1497 | D:2      | HP: 1/25 [shadow imp/nerve-wracking pain (14)]
  1503 | D:1      | Slain by a leopard gecko

Illustrated notes

Levels and vault maps discovered:
D:1:      nzn_arrival_depleted_hourglass, layout_basic, dk_noncrumbling_2
D:2:      minmay_roachtagon, layout_basic, nicolae_ru_sacrificial_ziggurat,
          uniq_crazy_yiuf_cottage

Skill      XL: |  1  2 |
---------------+-------+-----
Axes           | 3 |  3.1
Fighting       | |  3.7
Armour         | |  1.7
Dodging        | |  1.7
Stealth        | |  0.2

Action                   || total
-------------------------++-------
Melee: Hand axe          ||    60
       Kick              ||     5
Invok: Berserk           ||     1
  Use: Potion            ||     3
Armor: Animal skin       ||    16
Dodge: Dodged            ||    46
